 Dungeon Crawl Stone Soup version 0.22-a0-608-g8a62e23 (webtiles) character file.

5823 Dietz the Spear-Bearer (level 10, -5/69 HPs)
             Began as an Octopode Fighter on July 10, 2018.
             Was a Follower of Ru.
             Slain by a minotaur (11 damage)
             ... in a labyrinth.
             The game lasted 00:50:24 (11063 turns).

Dietz the Spear-Bearer (Octopode Fighter)          Turns: 11063, Time: 00:50:24

Health: -5/69      AC:  7    Str: 15    XL:     10   Next: 80%
Magic:  11/11      EV: 18    Int: 10    God:    Ru [*.....]
Gold:   588        SH: 11    Dex: 16    Spells: 9/9 levels left

rFire    . . .     SeeInvis .   a - +0 trident
rCold    . . .     Gourm    .   b - +1 shield
rNeg     + + .     Faith    .   y - +0 hat
rPois    .         Spirit   .   q - amulet of the acrobat
rElec    .         Reflect  .   s - +5 ring of protection
rCorr    .         Harm     .   H - ring of positive energy
MR       .....                  J - ring of positive energy
Stlth    ++........             F - +1 ring of protection
HPRegen  0.21/turn              (no ring)
MPRegen  0.12/turn              (no ring)
                                (no ring)
                                (no ring)

@: no status effects
A: almost no armour, stealthy swim, amphibious, 8 rings, constrict 8, camouflage
1, gelatinous body 1, no fire magic, no necromancy magic, no summoning magic
a: Renounce Religion


You were in a labyrinth.
You worshipped Ru.
Ru was aware of your devotion.
You were not hungry.

You visited 3 branches of the dungeon, and saw 12 of its levels.
You also visited: Labyrinth.

You collected 588 gold pieces.

Inventory:

Hand Weapons
 a - a +0 trident (weapon)
 G - a +2 vampiric spear
Missiles
 e - 16 poisoned needles
 k - 330 stones
 o - 124 sling bullets
 x - 2 tomahawks
 D - 3 throwing nets (quivered)
 E - 6 javelins
 L - 6 silver javelins
Armour
 b - a +1 shield (worn)
 y - a +0 hat (worn)
 M - a +0 large shield
Magical Staves
 B - an uncursed staff of conjuration
Jewellery
 q - an amulet of the acrobat (around mantle)
 s - a +5 ring of protection (left tentacle)
 F - a +1 ring of protection (on tentacle)
 H - a ring of positive energy (right tentacle)
 J - a ring of positive energy (on tentacle)
 N - a cursed amulet of inaccuracy {unknown}
 O - an uncursed ring of stealth {unknown}
 P - a +5 ring of intelligence {unknown}
Wands
 n - a wand of disintegration (16)
 v - a wand of iceblast (13)
 K - a wand of paralysis (15)
 Q - a wand of acid (4)
 R - a wand of digging (13)
 S - a wand of enslavement (10)
 T - a wand of flame (27)
Scrolls
 g - 2 scrolls of random uselessness
 h - 8 scrolls of identify
 j - a scroll of fear
 l - 3 scrolls of enchant weapon
 z - 4 scrolls of teleportation
Potions
 c - a potion of might
 m - 6 potions of curing
 p - 2 potions of ambrosia
 r - 2 potions of brilliance
 t - 2 potions of lignification
 u - 2 potions of agility
 w - a potion of heal wounds
 A - 2 potions of cancellation
 C - a potion of resistance
 I - a potion of haste
Miscellaneous
 f - a lamp of fire (inert)
 i - a fan of gales (inert)
 U - a sack of spiders
Comestibles
 d - 11 rations


   Skills:
 + Level 6.8 Fighting
 + Level 10.4 Polearms
 * Level 8.6 Dodging
 + Level 6.9 Shields
 + Level 2.2 Evocations


You had 9 spell levels left.
You didn't know any spells.
Your spell library contained the following spells:

 Spells                   Type           Power        Failure   Level  Hunger
 Confuse                  Hex            #.......     97%         3    ####...
 Summon Small Mammal      Summ           #...         71%         1    ##.....
 Summon Ice Beast         Ice/Summ       #.......     100%        4    #####..
 Call Imp                 Summ           #.......     85%         2    ###....
 Tukima's Dance           Hex            #.......     97%         3    ####...
 Call Canine Familiar     Summ           #.......     97%         3    ####...
 Ensorcelled Hibernation  Hex/Ice        #.....       85%         2    ###....
 Corona                   Hex            #......      71%         1    ##.....
 Dazzling Spray           Conj/Hex       #.....       97%         3    ####...
 Summon Lightning Spire   Summ/Air       #.......     100%        4    #####..
 Summon Guardian Golem    Hex/Summ       #.......     97%         3    ####...


Dungeon Overview and Level Annotations

Branches:
Dungeon (9/15)             Temple (1/1) D:5            Lair (2/6) D:8
  Swamp: Lair:2-4    Shoals: Lair:2-4     Snake: Lair:2-4    Spider: Lair:2-4
    Orc: D:9-12

Altars:
Cheibriados
Dithmenos
Gozag
Hepliaklqana
Kikubaaqudgha
Makhleb
Okawaru
Qazlal
Ru
Sif Muna
Trog
Uskayaw
Vehumet
Wu Jian
Xom
Yredelemnul
Zin
The Shining One

Annotations:
Lair:1 exclusions: hydra and spiny frog
Lair:2 exclusion: spiny frog


Innate Abilities, Weirdness & Mutations

You cannot wear most types of armour.
You are very stealthy in the water. (Stealth+)
You are amphibious.
You can wear up to eight rings at the same time.
You can use your tentacles to constrict eight enemies at once.
Your skin changes colour to match your surroundings (Stealth+).
Your rubbery body absorbs attacks. (AC +1, EV +1)
You cannot study or cast Fire magic.
You cannot study or cast Necromancy magic.
You cannot study or cast Summoning magic.


Message History

The minotaur closely misses you.
The minotaur gores you but does no damage.
You hit the minotaur but do no damage. Your squeeze misses the minotaur.
The minotaur is severely wounded.
You constrict the minotaur. You hit the minotaur.
The minotaur is almost dead.
You constrict the minotaur, but do no damage.
The minotaur hits you! The minotaur gores you.
You hit the minotaur.
You squeeze the minotaur, but do no damage.
The minotaur is almost dead.
You constrict the minotaur. The minotaur hits you.
You block the minotaur's attack.
You hit the minotaur but do no damage. You squeeze the minotaur.
The minotaur is almost dead.
You constrict the minotaur. The minotaur hits you!!
* * * LOW HITPOINT WARNING * * *
The minotaur gores you!
You die...

###########
.......@<#
#########H###
#. . . ...# .
### #.##### .
# # #...#.# .
# .# #. ## #
# # . # # #
.#


You could see a minotaur.

Vanquished Creatures
  A komodo dragon (Lair:1)
  Prince Ribbit (D:7)
  5 yaks (D:9)
  A basilisk (Lab)
  Eustachio (D:4)
  3 water moccasins (Lair:1)
  2 porcupines
  2 orc warriors
  3 ice beasts
  A sky beast (D:4)
  A necrophage (D:5)
  A black bear (D:8)
  6 ogres
  6 centaurs
  2 crocodiles
  5 bullfrogs
  An earth elemental (Lab)
  A water moccasin skeleton (D:7)
  4 scorpions
  4 killer bees
  3 howler monkeys
  2 crimson imps
  A jelly (D:8)
  4 orc priests
  2 hounds
  A bullfrog zombie (D:5)
  6 iguanas
  10 orc wizards
  2 worker ants
  A hound zombie (D:7)
  A howler monkey skeleton (D:8)
  12 adders
  6 shadow imps
  An ooze (D:4)
  6 worms
  2 dart slugs
  4 leopard geckos
  16 orcs
  3 ball pythons
  4 giant cockroaches
  10 goblins
  9 hobgoblins
  10 jackals
  12 kobolds
  3 quokkas
  2 bats
  3 frilled lizards
  A jackal skeleton (D:6)
  A quokka skeleton (D:5)
  6 rats
195 creatures vanquished.

Vanquished Creatures (others)
  A centaur (D:7)
1 creature vanquished.

Grand Total: 196 creatures vanquished

Notes
Turn   | Place    | Note
-------+----------+-------------------------------------------
     0 | D:1      | Dietz the Octopode Fighter began the quest for the Orb.
     0 | D:1      | Reached XP level 1. HP: 16/16 MP: 1/1
   108 | D:1      | Reached XP level 2. HP: 21/21 MP: 2/2
   308 | D:1      | Reached XP level 3. HP: 17/26 MP: 3/3
  1254 | D:2      | Reached XP level 4. HP: 31/31 MP: 4/4
  1357 | D:2      | Noticed a centaur
  1662 | D:3      | Reached skill level 3 in Polearms
  1711 | D:3      | Found a transporter.
  1723 | D:3      | Found a transporter.
  1744 | D:3      | Reached XP level 5. HP: 24/36 MP: 5/5
  2004 | D:3      | Found an iron altar of Okawaru.
  2528 | D:4      | Reached skill level 4 in Polearms
  2646 | D:4      | Reached XP level 6. HP: 43/43 MP: 6/6
  2651 | D:4      | Noticed Eustachio
  2844 | D:4      | Noticed a sky beast
  2849 | D:4      | Killed a sky beast
  2892 | D:4      | Reached skill level 5 in Polearms
  2895 | D:4      | Reached XP level 7. HP: 43/48 MP: 7/7
  3289 | D:5      | Entered Level 5 of the Dungeon
  3340 | D:5      | Found a large runed door.
  3340 | D:5      | Found a large runed door.
  3382 | D:5      | Reached skill level 5 in Dodging
  3671 | D:5      | Found a staircase to the Ecumenical Temple.
  3677 | Temple   | Entered the Ecumenical Temple
  4020 | Temple   | Became a worshipper of Ru the Awakened
  4191 | D:5      | Found a snail-covered altar of Cheibriados.
  4277 | D:5      | Reached skill level 6 in Polearms
  4277 | D:5      | Reached XP level 8. HP: 23/54 MP: 8/8
  4278 | D:5      | Reached skill level 5 in Fighting
  4470 | D:5      | Found a large runed door.
  4470 | D:5      | Found a large runed door.
  5166 | D:2      | Reached skill level 7 in Polearms
  5300 | D:4      | Killed Eustachio
  5462 | D:5      | Noticed a red ugly thing
  5564 | D:6      | Reached skill level 5 in Shields
  5585 | D:6      | Found a burning altar of Makhleb.
  5634 | D:6      | Reached XP level 9. HP: 44/61 MP: 9/9
  5879 | D:6      | Gained mutation: You cannot study or cast Fire magic. [Ru sacrifice]
  5879 | D:6      | Gained mutation: You cannot study or cast Necromancy magic. [Ru sacrifice]
  5879 | D:6      | Gained mutation: You cannot study or cast Summoning magic. [Ru sacrifice]
  5879 | D:6      | Reached * piety under Ru
  5933 | D:6      | Found a bloodstained altar of Trog.
  5988 | D:6      | Reached skill level 8 in Polearms
  6006 | D:6      | Found an ancient bone altar of Kikubaaqudgha.
  6276 | D:7      | Found an opulent altar of Gozag.
  6484 | D:7      | Noticed Prince Ribbit
  6554 | D:7      | Killed Prince Ribbit
  6679 | D:7      | Found a burning altar of Makhleb.
  6681 | D:7      | Found a stormy altar of Qazlal.
  7051 | D:7      | Reached skill level 1 in Evocations
  7493 | D:8      | Reached skill level 9 in Polearms
  7729 | D:7      | Reached XP level 10. HP: 40/68 MP: 11/11
  8438 | D:8      | Found a staircase to the Lair.
  8528 | D:8      | Noticed a two-headed ogre
  8646 | D:9      | Reached skill level 10 in Polearms
  8820 | D:9      | Noticed a cyclops
  9266 | Lair:1   | Entered Level 1 of the Lair of Beasts
  9287 | Lair:1   | Noticed a spiny frog
  9854 | Lair:1   | Noticed an eight-headed hydra
 10403 | Lair:2   | Noticed a spiny frog
 10434 | Lair:2   | Found a labyrinth entrance.
 10458 | Lab      | Entered a labyrinth
 10502 | Lab      | Found an exit through the horrors of the Abyss.
 10897 | Lab      | Noticed a minotaur
 11063 | Lab      | Slain by a minotaur

Vault maps used:
D:1:      tarquinn_simple_flora_water_a
D:2:      minmay_tiny_reverse_x
D:3:      gammafunk_wand_slinger, okawaru_altar_gauntlet_db
D:4:      first_ration, kennysheep_diamond, kennysheep_small_square,
          uniq_eustachio
D:5:      slow_altar_1, minmay_temple_entry_overgrown, serial_glass,
          glass_columns_a, glass_columns_a, minmay_hollow_rounded_squares
D:6:      kiku_gazebo_pond_becter, hangedman_feature_mirror
D:7:      grunt_gozag_statues, chequers_temple_overflow_statue_of_worship,
          uniq_prince_ribbit1
D:8:      grunt_lair_entry_orc_guard_hut
D:9:      minitemple, basic_altar
Temple:   minmay_temple_forest_path
Lair:1:   patterned_corridor, lemuel_fruit_fields
Lair:2:   elwin_shoals_entry_rocks, spider_nest_entry_web_field,
          lab_entry_generic, grunt_megastairs_5
Lab:      labyrinth_mini_lab, labyrinth_lava_lair, labyrinth_fake_exit,
          labyrinth_skeletal_remains, lab_fountain

Skill      XL: |  1  2  3  4  5  6  7  8  9 10 |
---------------+-------------------------------+-----
Polearms       | 3 4 5 6 7 9 10 | 10.4
Dodging        | 4 5 6 7 8 |  8.6
Fighting       | 4 5 6 |  6.8
Shields        | 4 5 6 |  6.9
Evocations     | 1 2 |  2.2

Action                   |  1- 3 |  4- 6 |  7- 9 | 10-12 || total
-------------------------+-------+-------+-------+-------++-------
Melee: Trident           |    77 |    98 |   324 |   232 ||   731
       Constrict         |    12 |    24 |    49 |    23 ||   108
       Tentacles         |    12 |    16 |    73 |    64 ||   165
Invok: Sacrifice Arcana  |       |       |     1 |       ||     1
       Reject Sacrifices |       |       |       |     1 ||     1
Evoke: Wand              |       |     2 |    10 |    14 ||    26
       Fan of gales      |       |       |       |     1 ||     1
       Lamp of fire      |       |       |       |     1 ||     1
  Use: Scroll            |       |       |    10 |     3 ||    13
       Potion            |       |       |     9 |     2 ||    11
 Stab: Sleeping          |     7 |     7 |     9 |     2 ||    25
       Distracted        |       |       |     1 |     1 ||     2
  Eat: Chunk             |       |     5 |     7 |     7 ||    19
       Ration            |       |       |     3 |     1 ||     4
Armor: Skin              |     2 |    10 |    27 |    11 ||    50
Dodge: Dodged            |    23 |    24 |   131 |    66 ||   244
Block: Shield            |    22 |    29 |   119 |    80 ||   250

Table legend:
 A = Spawn XP
 B = Non-spawn XP
 C = Spawn XP percentage of total XP
 D = Spawn monster count
 E = Non-spawn monster count
 F = Spawn count percentage of total count
 G = Total turns spent on level
                    A         B        C        D         E        F      G
               +---------+---------+-------+---------+---------+-------+---------
         Total |       0 |    8319 |   0.0 |       0 |     196 |   0.0 | 11063
               +---------+---------+-------+---------+---------+-------+---------
           D:1 |       0 |      43 |   0.0 |       0 |      24 |   0.0 |   639
           D:2 |       0 |     177 |   0.0 |       0 |      15 |   0.0 |   788
           D:3 |       0 |     136 |   0.0 |       0 |      27 |   0.0 |  1074
           D:4 |       0 |     582 |   0.0 |       0 |      15 |   0.0 |  1139
           D:5 |       0 |    1103 |   0.0 |       0 |      25 |   0.0 |  1610
           D:6 |       0 |     876 |   0.0 |       0 |      23 |   0.0 |   516
           D:7 |       0 |    1324 |   0.0 |       0 |      21 |   0.0 |  1902
           D:8 |       0 |    1426 |   0.0 |       0 |      28 |   0.0 |   668
           D:9 |       0 |    1251 |   0.0 |       0 |       9 |   0.0 |   532
        Lair:1 |       0 |    1123 |   0.0 |       0 |       7 |   0.0 |  1117
           Lab |       0 |     278 |   0.0 |       0 |       2 |   0.0 |   605
               +---------+---------+-------+---------+---------+-------+---------
